 Dungeon Crawl Stone Soup version 0.31-a0-240-gb923e448b6 (webtiles) character file.

Game seed: 3710198174794560108

84 vbjdbsb the Covered (level 4, 0/14 HPs)
             Began as a Minotaur Fighter on July 12, 2023.
             Slain by Robin
             ... wielding a +0 spear
              (2 damage)
             ... on level 2 of the Dungeon.
             The game lasted 00:02:57 (603 turns).

vbjdbsb the Covered (Minotaur Fighter)               Turns: 603, Time: 00:02:57

Health: 0/14       AC:  8    Str: 28    XL:     4   Next: 23%
Magic:  3/3        EV:  9    Int:  5    God:
Gold:   44         SH:  0    Dex:  9    Spells: 3/3 levels left

rFire   . . .        a - melded +0 war axe
rCold   . . .        c - melded +0 buckler
rNeg    . . .        b - melded +0 scale mail
rPois   .            (helmet currently unavailable)
rElec   .            (cloak currently unavailable)
rCorr   .            (gloves currently unavailable)
SInv    .            (boots currently unavailable)
Will    .....        (no amulet)
Stlth   +            (no ring)
HPRegen 0.22/turn    (no ring)
MPRegen 0.08/turn

%: no passive effects
@: snake-form
A: constrict, amphibious, reduced hp, large, (horns 2), (retaliatory headbutt)
a: no special abilities


You were on level 2 of the Dungeon.
You were an enormous anaconda.
You visited 1 branch of the dungeon, and saw 2 of its levels.

You collected 44 gold pieces.

Inventory:

Hand Weapons
 a - a +0 war axe (melded)
Armour
 b - a +0 scale mail (melded)
 c - a +0 buckler (melded)
 k - a +0 scale mail of cold resistance
Talismans
 e - a serpent talisman
Scrolls
 f - 5 scrolls of identify {unknown}
 g - a scroll of immolation {unknown}
 h - a scroll of amnesia {unknown}
 i - a scroll of vulnerability {unknown}
 l - 2 scrolls of teleportation {unknown}
Potions
 d - a potion of might


   Skills:
 + Level 4.2 Fighting
 + Level 3.2 Axes
 + Level 4.2 Armour
 + Level 1.7 Dodging
 + Level 4.2 Shields


You had 3 spell levels left.
You didn't know any spells.
Your spell library was empty.

Dungeon Overview and Level Annotations

Branches:
Dungeon (2/15)

Altars:
Vehumet

Annotations:
D:2 Robin


Innate Abilities, Weirdness & Mutations

You are an enormous anaconda.
You have a powerful constriction melee attack.
You are amphibious.
Your maximum health is decreased, since you lack skill for your form.
Your spellcasting is less reliable in this form.
Your armour is entirely melded.
You are incapable of wielding weapons or throwing items.
((You have a pair of horns on your head.))
((You reflexively headbutt those who attack you in melee.))


Message History

You kill the goblin!
Robin hits you but does no damage. x2
Unknown command.
You cannot move.
Robin hits you but does no damage. Robin hits you but does no damage.
Robin roars a battlecry!
Robin hits you but does no damage. Robin hits you but does no damage.
The hobgoblin no longer looks unusually strong.
Robin hits you but does no damage. Robin barely misses you.
You block Robin's attack.
Robin roars a battlecry!
The hobgoblin goes into a battle-frenzy!
You hear a shout!
Robin hits you but does no damage. You block Robin's attack.
Robin hits you but does no damage.
Your transformation is almost over.
Robin hits you but does no damage. Robin hits you but does no damage.
Robin hits you but does no damage. Robin hits you but does no damage.
Robin hits you but does no damage. Robin hits you but does no damage.
Robin hits you but does no damage. You block Robin's attack.
You feel less wooden.
Your +0 scale mail unmelds from your body.
You turn into an enormous anaconda.
Your +0 war axe melds into your body.
Your +0 buckler melds into your body.
Your +0 scale mail melds into your body.
Robin hits you but does no damage. Robin closely misses you.
Robin barely misses you.
Robin hits you from afar with a +0 spear.
* * * LOW HITPOINT WARNING * * *
Robin hits you from afar with a +0 spear.
You die...

.....###.#.#~~P♣ #.#....#
#.#.#P~♣♣
#.#....###.#.#P~♣♣♣♣♣Pwg#
##..............P~P~~P~~P
#...........#.#..~P~Pg..
#.(.......###.....P..wg
###.##†.........#####..g
#.....#.......#)# #..#
##.#.#.#.......#S# #gg#
.........#.._..#)# #.#
##.#.#.###.....#g#####.#
#.............#wg†gg).#
########.###.#####.#.##
#.###.......#.# #.
...........# ##
############


You could see a worm, Robin and a hobgoblin (strong).

Vanquished Creatures
  Terence (D:2)
  2 adders (D:2)
  A dart slug (D:2)
  A bat (D:1)
  4 endoplasms
  A giant cockroach (D:1)
  7 goblins
  6 jackals
  3 kobolds (D:1)
  A quokka (D:1)
  6 ball pythons
  A frilled lizard (D:2)
  2 rats (D:1)
36 creatures vanquished.

Notes
Turn   | Place    | Note
-------+----------+-------------------------------------------
     0 | D:1      | vbjdbsb the Minotaur Fighter began the quest for the Orb.
     0 | D:1      | Reached XP level 1. HP: 19/19 MP: 0/0
   117 | D:1      | Reached XP level 2. HP: 9/27 MP: 1/1
   326 | D:1      | Reached skill level 1 in Dodging
   425 | D:2      | Reached XP level 3. HP: 11/33 MP: 2/2
   437 | D:2      | Noticed Terence
   449 | D:2      | Killed Terence
   497 | D:2      | Reached XP level 4. HP: 12/40 MP: 3/3
   514 | D:2      | Found a radiant altar of Vehumet.
   554 | D:2      | Noticed Robin
   603 | D:2      | Slain by Robin

Illustrated notes

Levels and vault maps discovered:
D:1:      dpeg_arrival_pits, layout_rooms, reono_crystal_passage,
          feat_on_display
D:2:      layout_loops_ring, basic_altar, serial_bayou_pond_c, uniq_terence,
          uniq_robin

Skill      XL: |  1  2  3 |
---------------+----------+-----
Dodging        | 1 |  1.7
Fighting       | 4 |  4.2
Armour         | 4 |  4.2
Shields        | 4 |  4.2
Axes           | 3 |  3.2

Action                     |  1- 3 |  4- 6 || total
---------------------------+-------+-------++-------
  Melee: Unarmed           |    52 |     3 ||    55
         Constrict         |    11 |     1 ||    12
         War axe           |       |    14 ||    14
    Use: Potion            |       |     1 ||     1
 Armour: Skin              |    27 |    36 ||    63
         Scale mail        |     1 |       ||     1
  Dodge: Dodged            |    25 |     4 ||    29
  Block: Buckler           |     1 |     5 ||     6
   Form: Anaconda          |     1 |       ||     1

Table legend: (Time is in decaauts)
 A = Elapsed time spent in this place.
 B = Non-inter-level travel time spent in this place.
 C = Inter-level travel time spent in this place.
 D = Time resting spent in this place.
 E = Time spent auto-exploring this place.
 F = Levels seen in this place.
 G = Mean time per level.
                   A        B        C        D        E       F      G
               +--------+--------+--------+--------+--------+-----+--------+
         Total |    607 |    598 |      9 |      0 |    371 |   2 |  303.5 |
       Dungeon |    607 |    598 |      9 |      0 |    371 |   2 |  303.5 |
               +--------+--------+--------+--------+--------+-----+--------+

Top non-repeatable levels by time:
     D:1: 418 daAuts
     D:2: 189 daAuts
